Map: Data-C

Players

A.I. 1 (Very Easy) - Winner!

  • Race: Terran Terran
  • Spawn Location: 3:00

Xana

  • Race: Zerg Zerg
  • League: Bronze
  • Spawn Location: 9:00

VOD

Have the link to the VOD?

Description

Time

  • Played on: Aug. 11, 2022, 2:50 p.m.
  • Length: 4:15
Show
View Real Time Build Order
Export as new Build Order

A.I. 1 (Very Easy) Terran - Winner!

Build Orders: Reaper Expand 

Get SALT Encoding   

  12  0:00  SCV  
  13  0:13  SCV  
  14  0:18  Supply Depot  
  14  0:42  Barracks  
  14  1:03  Command Center  
  14  1:31  Orbital Command  
  14  1:32  Supply Depot, Marine  
  15  1:38  Refinery  
  15  1:50  Refinery  
  15  1:57  SCV  
  16  2:09  SCV  
  16  2:15  SCV  
  18  2:18  Reaper  
  18  2:22  SCV  
  20  2:29  SCV  
  21  2:36  SCV  
  22  2:43  SCV  
  23  2:51  SCV  
  24  2:55  Refinery  
  24  2:57  Marine  
  24  2:58  SCV  
  26  3:05  SCV  
  27  3:12  SCV  
  29  3:20  SCV, Factory  
  29  3:37  Marine  
  30  3:42  SCV  
  30  3:44  Refinery  
  31  3:50  SCV  
  32  3:57  SCV  
  32  3:58  Supply Depot  
  33  4:07  Starport  
Show
View Real Time Build Order
Export as new Build Order

Xana Zerg 

Build Orders: Hatch First 

Get SALT Encoding   

  12  0:00  Drone  
  13  0:12  Overlord  
  13  0:17  Drone  
  14  0:30  Drone x2  
  16  0:50  Hatchery  
  16  0:52  Drone  
  16  0:56  Drone  
  17  0:59  Drone  
  18  1:11  Extractor  
  18  1:14  Spawning Pool  
  18  1:17  Drone  
  17  1:21  Drone  
  18  1:28  Drone  
  19  1:38  Drone  
  20  1:49  Drone  
  21  2:01  Queen  
  21  2:02  Queen  
  21  2:03  Zergling x4  
  27  2:10  Overlord  
  27  2:16  Metabolic Boost  
  27  2:32  Hatchery, Drone  
  27  2:33  Drone  
  27  2:36  Drone  
  29  2:43  Overlord  
  29  2:45  Drone  
  29  2:48  Drone  
  29  2:50  Drone  
  32  2:53  Drone  
  32  2:58  Drone  
  34  3:04  Drone  
  35  3:09  Drone  
  36  3:14  Queen  
  36  3:19  Overlord x2  
  38  3:25  Drone  
  38  3:26  Roach Warren  
  38  3:28  Drone  
  38  3:30  Drone  
  38  3:33  Drone  
  41  3:45  Drone x2  
  41  3:46  Extractor, Drone  
  41  3:47  Drone  
  44  3:56  Overlord  
  44  3:57  Overlord  
Tags
 
Add a new tag
Caveats
  • Supply blocks, unpowered buildings, or Contaminate may cause inaccurate times.
  • Supply counts are checked every 10 seconds.